 Dungeon Crawl Stone Soup version 0.31-a0-75-g6fe912e8c5 (webtiles) character file.

Game seed: 17423642661354839765

17845 greasedhog the Marksant (level 12, -11/94 HPs)
             Began as a Formicid Hunter on May 23, 2023.
             Was the Champion of Okawaru.
             Killed from afar by an efreet (33 damage)
             ... with a fireball
             ... on level 13 of the Dungeon.
             The game lasted 00:17:54 (12166 turns).

greasedhog the Marksant (Formicid Hunter)          Turns: 12166, Time: 00:17:54

Health: -11/94     AC: 18    Str: 19    XL:     12   Next: 87%
Magic:  19/19      EV: 11    Int: 14    God:    Okawaru [******]
Gold:   540        SH:  5    Dex: 21    Spells: 11/11 levels left

rFire   . . .        F - +9 war axe "Topoi" {vamp, Str+3}
rCold   . . .        (no shield)
rNeg    + . .        G - +7 chain mail of Didd {*Slow rElec Regen+ Int+4}
rPois   .            (helmet unavailable)
rElec   +            (no cloak)
rCorr   .            (no gloves)
SInv    +            g - +0 pair of boots
Will    +....        n - amulet of reflection Stlth
                     k - ring of positive energy
HPRegen 1.15/turn    (no ring)
MPRegen 0.16/turn

%: slow self (1%), reflection
@: studying Short Blades
A: permanent stasis, dig shafts and tunnels, antennae 3, four strong arms
a: Dig, Shaft Self, Renounce Religion, Heroism, Finesse, Duel


You were on level 13 of the Dungeon.
You worshipped Okawaru.
Okawaru was exalted by your worship.
You visited 2 branches of the dungeon, and saw 14 of its levels.

You collected 540 gold pieces.

Inventory:

Hand Weapons
 a - a +2 longbow of flaming
 c - a +0 arbalest
 F - the +9 war axe "Topoi" (weapon) {vamp, Str+3}
   (You found it on level 4 of the Dungeon)

   Str:       It affects your strength (+3).
Missiles
 C - a throwing net
Armour
 g - a +0 pair of boots (worn)
 G - the +7 chain mail of Didd (worn) {*Slow rElec Regen+ Int+4}
   (Okawaru gifted it to you on level 11 of the Dungeon)

   Int:       It affects your intelligence (+4).
   rElec:     It insulates you from electricity.
   Regen:     It increases your rate of health regeneration.
   *Slow:     It may slow you when you take damage.
Jewellery
 k - a ring of positive energy (left hand)
 n - an amulet of reflection (around neck)
Wands
 v - a wand of light (6)
 w - a wand of paralysis (12)
 x - a wand of polymorph (12)
 y - a wand of flame (29)
Scrolls
 b - 2 scrolls of immolation
 d - a scroll of brand weapon {unknown}
 f - a scroll of amnesia {unknown}
 l - 2 scrolls of poison
 m - a scroll of torment
 p - a scroll of enchant armour {unknown}
 r - 2 scrolls of fear {unknown}
 t - 2 scrolls of magic mapping {unknown}
 u - 4 scrolls of enchant weapon
Potions
 e - a potion of brilliance {unknown}
 h - 2 potions of lignification
 i - 2 potions of heal wounds
 j - 2 potions of cancellation
 q - 3 potions of curing
 s - a potion of magic {unknown}
 z - a potion of haste {unknown}
 A - a potion of berserk rage {unknown}
 B - 2 potions of enlightenment {unknown}
 D - a potion of attraction {unknown}
 E - a potion of mutation {unknown}


   Skills:
 + Level 8.5 Fighting
 * Level 15.5 Ranged Weapons
 - Level 5.5 Armour
 - Level 5.7 Dodging
 - Level 1.2 Stealth
 * Level 9.4 Invocations


You had 11 spell levels left.
You didn't know any spells.
Your spell library contained the following spells:

 Spells                   Type           Power      Damage    Failure   Level
 Foxfire                  Conj/Fire      0%         2x1d4     91%         1
 Lesser Beckoning         Tloc           0%         N/A       97%         2
 Momentum Strike          Conj/Tloc      0%         3d8       97%         2
 Dazzling Flash           Conj/Hex       0%         N/A       100%        3
 Volatile Blastmotes      Fire/Tloc      0%         2d10      100%        3
 Iskenderun's Mystic Bla  Conj/Tloc      0%         2d3       100%        4
 Arcjolt                  Conj/Air       0%         1d10      100%        5
 Plasma Beam              Fire/Air       0%         2x1d11    100%        6
 Starburst                Conj/Fire      0%         6d3       100%        6
 Summon Small Mammal      Summ           Unusable   N/A       N/A         1
 Blink                    Tloc           Unusable   N/A       N/A         2
 Call Canine Familiar     Summ           Unusable   N/A       N/A         3
 Summon Guardian Golem    Hex/Summ       Unusable   N/A       N/A         3
 Vhi's Electric Charge    Tloc/Air       Unusable   N/A       N/A         3

Dungeon Overview and Level Annotations

Branches:
Dungeon (13/15)            Temple (1/1) D:5            Lair (0/5) D:8
 Vaults (0/5) D:13
    Orc: D:9-12

Altars:
Ashenzari
Cheibriados
Dithmenos
Elyvilon
Gozag
Hepliaklqana
Kikubaaqudgha
Nemelex Xobeh
Okawaru
Qazlal
Ru
Sif Muna
Trog
Uskayaw
Vehumet
Wu Jian
Xom
Yredelemnul
Zin
The Shining One

Shops:
D:1 :   D:6 !   D:8 :

Annotations:
D:6 1 transporter, ders's ghost, novice GrEE
D:10 Harold; Urug


Innate Abilities, Weirdness & Mutations

You cannot be hasted, slowed, berserked, paralysed or teleported.
You can dig through walls and to a lower floor.
You have a pair of large antennae on your head. (SInv)
Your four strong arms can wield two-handed weapons with a shield.


Message History

The arrow hits the efreet but does no damage.
You shoot an arrow. The arrow hits the efreet.
The efreet is lightly wounded.
You shoot an arrow. The arrow barely misses the efreet.
You shoot an arrow. The arrow hits the efreet!
The efreet is heavily wounded.
The efreet gestures at you.
The fireball explodes!
The fireball engulfs you!! The efreet gestures at you.
The bolt of fire hits you!!
You hear a shout! x3
Fire: a) +2 longbow (flame)
Press: ? - help, Q - select action, (/) - cycle Shift-Dir - straight line, f/p - efreet
Aim: an efreet, wielding a +4 scimitar of flaming (heavily wounded, 85% to hit)
You shoot an arrow. The arrow completely misses the efreet.
Unknown command.
Fire: a) +2 longbow (flame)
Press: ? - help, Q - select action, (/) - cycle Shift-Dir - straight line, f/p - efreet
Aim: an efreet, wielding a +4 scimitar of flaming (heavily wounded, 85% to hit)
You shoot an arrow. The arrow completely misses the efreet.
The efreet hits you with a +4 scimitar of flaming!!
The efreet burns you.
Your +2 longbow of flaming stops flaming.
You feel stronger.
You feel a sense of dread.
F - the +9 war axe "Topoi" (weapon)
{vamp, Str+3} The efreet hits you but does no damage.
You slash the efreet!
The efreet is almost dead.
The efreet gestures at you.
The fireball explodes!
The fireball engulfs you!!
* * * LOW HITPOINT WARNING * * *
The fireball engulfs the efreet but does no damage.
Unknown command.
You hit the efreet.
The efreet is almost dead.
You block the efreet's attack. The efreet gestures at you.
The fireball explodes!
The fireball engulfs you!!
You die...

##.........# ..
..##...p.####..
##........#...
#..#p...##.....
#...........#
#..............
##.........###
#..###....#....
#...........#
#...#..#.##....
###.)........##
###......######.#
......#.○.....###.p......###
#.#
......##.....†.#.).........#
###
[.....##.......R@.....#...##
.#..#..........[#..########
.####..........##### ##
#..........†.# #
###............# #
#..............# #
##.......#.....#
##...####....## #...# ######


You could see an efreet and 2 humans.

Vanquished Creatures
  Nessos (D:12)
  Erica (D:9)
  A boulder beetle (D:11)
  2 two-headed ogres
  A centaur warrior (D:13)
  A tengu warrior (D:10)
  Nergalle (D:12)
  A deep elf pyromancer (D:12)
  An orc knight (D:13)
  Pikel (D:8)
  A cyclops (D:12)
  Joseph (D:7)
  A water nymph (shapeshifter) (D:13)
  2 gargoyles
  A rime drake (D:8)
  4 trolls
  A hornet (D:8)
  2 wyverns
  A wraith (D:11)
  9 yaks
  13 humans (D:13)
  12 vampire mosquitoes
  Duvessa (D:7)
  3 orc warriors
  3 ice beasts
  2 ogres
  A wolf (D:8)
  9 centaurs
  A phantom (D:7)
  Blork the orc (D:5)
  5 bullfrogs
  2 scorpions
  12 wights
  Dowan (D:7)
  3 killer bees (D:9)
  An electric eel (D:12)
  4 howler monkeys
  4 hounds (D:5)
  5 orc priests
  11 orc wizards
  3 iguanas
  A mummy (D:3)
  9 adders
  2 shadow imps
  2 white imps (D:7)
  An ufetubus (D:5)
  3 worms
  A dart slug (D:3)
  21 orcs
  6 bats
  2 endoplasms
  3 giant cockroaches
  9 goblins
  10 hobgoblins
  4 jackals (D:1)
  3 quokkas
  4 ball pythons
  6 kobolds
  A rat (D:1)
219 creatures vanquished.

Notes
Turn   | Place    | Note
-------+----------+-------------------------------------------
     0 | D:1      | greasedhog the Formicid Hunter began the quest for the Orb.
     0 | D:1      | Reached XP level 1. HP: 16/16 MP: 1/1
    68 | D:1      | Found a faded altar of an unknown god.
   308 | D:1      | Reached XP level 2. HP: 20/23 MP: 2/2
   335 | D:1      | Found Zoryagiq's Vocational Training.
   474 | D:2      | Found a stormy altar of Qazlal.
   595 | D:2      | Reached XP level 3. HP: 28/28 MP: 3/3
   841 | D:2      | Reached XP level 4. HP: 35/35 MP: 4/4
  1114 | D:3      | Found a snail-covered altar of Cheibriados.
  1127 | D:3      | Reached skill level 5 in Ranged Weapons
  1443 | D:3      | Reached XP level 5. HP: 25/41 MP: 5/5
  2131 | D:4      | Found a shadowy altar of Dithmenos.
  2281 | D:4      | Reached skill level 6 in Ranged Weapons
  2281 | D:4      | Reached XP level 6. HP: 48/48 MP: 6/6
  2321 | D:4      | Identified the +9 war axe "Topoi" {vamp, Str+3}
  3063 | D:5      | Entered Level 5 of the Dungeon
  3425 | D:5      | Noticed Blork the orc
  3434 | D:5      | Killed Blork the orc
  3435 | D:5      | Reached XP level 7. HP: 54/55 MP: 7/7
  3518 | D:5      | Reached skill level 5 in Fighting
  3518 | D:5      | Reached skill level 7 in Ranged Weapons
  3672 | D:5      | Reached skill level 1 in Armour
  3942 | D:5      | Reached XP level 8. HP: 62/62 MP: 8/8
  3959 | D:5      | Found a staircase to the Ecumenical Temple.
  3965 | Temple   | Entered the Ecumenical Temple
  3970 | Temple   | Became a worshipper of Warmaster Okawaru
  4079 | D:5      | Reached skill level 8 in Ranged Weapons
  4704 | D:6      | Found Waraudur's Distillery.
  4803 | D:6      | Reached skill level 9 in Ranged Weapons
  4911 | D:6      | Found a transporter.
  4913 | D:6      | Noticed ders's ghost (novice GrEE)
  4914 | D:6      | Identified the +8 great mace "Poubezoj" {protect, rElec rC-
                  | rCorr Int+4}
  5014 | D:6      | Reached * piety under Okawaru
  5336 | D:6      | Reached XP level 9. HP: 57/68 MP: 9/9
  5561 | D:7      | Noticed Joseph
  5568 | D:7      | Killed Joseph
  5568 | D:7      | Reached ** piety under Okawaru
  5569 | D:7      | Reached skill level 10 in Ranged Weapons
  5569 | D:7      | Reached skill level 5 in Armour
  5836 | D:7      | Noticed Dowan
  5838 | D:7      | Killed Dowan
  5838 | D:7      | Noticed Duvessa
  5843 | D:7      | Killed Duvessa
  5968 | D:7      | Found a hazy altar of Hepliaklqana.
  6294 | D:7      | Reached skill level 11 in Ranged Weapons
  6647 | D:8      | Noticed a hornet
  6657 | D:8      | Killed a hornet
  6658 | D:8      | Reached XP level 10. HP: 64/74 MP: 10/10
  6868 | D:8      | Noticed a two-headed ogre
  6871 | D:8      | Reached *** piety under Okawaru
  6877 | D:8      | Killed a two-headed ogre
  6878 | D:8      | Reached skill level 12 in Ranged Weapons
  6998 | D:8      | Found a white marble altar of Elyvilon.
  6998 | D:8      | Found a glowing silver altar of Zin.
  6998 | D:8      | Found a glowing golden altar of the Shining One.
  7016 | D:8      | Found a shimmering blue altar of Sif Muna.
  7023 | D:8      | Found an ancient bone altar of Kikubaaqudgha.
  7026 | D:8      | Noticed Pikel
  7033 | D:8      | Killed Pikel
  7034 | D:8      | Reached skill level 5 in Dodging
  7152 | D:8      | Found a radiant altar of Vehumet.
  7168 | D:8      | Got Vehumet's Codex of Damage
  7345 | D:8      | Noticed a rime drake
  7349 | D:8      | Killed a rime drake
  7529 | D:8      | Reached **** piety under Okawaru
  7677 | D:8      | Found Zucouggit's Book Shoppe.
  7723 | D:8      | Found a staircase to the Lair.
  7758 | D:9      | Reached skill level 13 in Ranged Weapons
  7926 | D:9      | Reached skill level 1 in Invocations
  8001 | D:9      | Reached XP level 11. HP: 63/80 MP: 11/11
  8292 | D:9      | Noticed Erica
  8299 | D:9      | Killed Erica
  9088 | D:10     | Entered Level 10 of the Dungeon
  9098 | D:10     | Noticed Harold
  9116 | D:9      | HP: 4/81 [vampire mosquito (6)]
  9364 | D:10     | You fall into a shaft and drop 3 floors!
  9435 | D:13     | Reached skill level 14 in Ranged Weapons
  9736 | D:13     | Noticed a centaur warrior
  9740 | D:13     | Killed a centaur warrior
  9740 | D:13     | Reached ***** piety under Okawaru
 10208 | D:12     | Noticed Nergalle
 10209 | D:12     | Noticed a deep elf pyromancer
 10247 | D:13     | Noticed a two-headed ogre
 10249 | D:13     | Reached skill level 5 in Invocations
 10255 | D:13     | Noticed an orc knight
 10258 | D:13     | Killed a two-headed ogre
 10260 | D:13     | Killed an orc knight
 10282 | D:13     | Noticed an orb spider
 10354 | D:13     | Reached XP level 12. HP: 57/91 MP: 16/16
 10458 | D:13     | Received a gift from Okawaru
 10535 | D:13     | Found a gate to the Vaults.
 10544 | D:13     | Noticed a centaur warrior
 11321 | D:12     | Identified the +7 quarterstaff "Anin" {freeze, rPois Str-3
                  | Dex+6 SInv}
 11330 | D:12     | Reached skill level 15 in Ranged Weapons
 11479 | D:12     | Noticed Nessos
 11488 | D:12     | Killed Nessos
 11511 | D:12     | Killed Nergalle
 11717 | D:11     | Noticed a boulder beetle
 11855 | D:11     | Reached ****** piety under Okawaru
 11890 | D:11     | Killed a boulder beetle
 11890 | D:11     | Identified the +7 chain mail of Didd {*Slow rElec Regen+
                  | Int+4} (Okawaru gifted it to you on level 11 of the
                  | Dungeon)
 11890 | D:11     | Received a gift from Okawaru
 12001 | D:10     | Noticed a tengu warrior
 12011 | D:10     | Killed a tengu warrior
 12019 | D:10     | Found the +18 Lear's hauberk
 12028 | D:10     | Noticed a two-headed ogre
 12032 | D:10     | Noticed Urug
 12037 | D:10     | You fall into a shaft and drop 3 floors!
 12166 | D:13     | Killed from afar by an efreet

Illustrated notes

Levels and vault maps discovered:
D:1:      dpeg_arrival_tiny_i, layout_rooms,
          hellmonk_ecumenical_altar_inner_sanctum, hex_large,
          nicolae_shop_vocational
D:2:      layout_basic, basic_altar
D:3:      layout_basic, slow_altar_2, serial_rivers,
          chequers_serial_rivers_large_b, chequers_serial_rivers_micro_b,
          chequers_serial_rivers_marsh, chequers_serial_rivers_room_b,
          corner_web_ring
D:4:      layout_basic, nicolae_dithmenos_the_darkroom, serial_bayou_crossing
D:5:      layout_basic, minmay_temple_entry_wispy, uniq_blork_the_orc
D:6:      layout_gridville, gammafunk_ghost_smash, serial_shops, shop
D:7:      layout_loops_ring, nicolae_hepliaklqana_hippocampus, st_stairs_6,
          minmay_holes, uniq_joseph, uniq_duvessa
D:8:      layout_rooms, dreamdust_divine_triumvirate,
          palyth_temple_overflow_mages, hellmonk_lair_entry_icy, serial_shops,
          shop, uniq_pikel
D:9:      layout_basic, uniq_erica
D:10:     layout_rooms, overflow_temple_1_default,
          grunt_temple_overflow_forces_of_nature, enter_bailey_3,
          hellmonk_guarded_unrand_lears, uniq_urug, uniq_harold
D:11:     minmay_chambers_of_sevens, layout_basic, kennysheep_generic_room_12
D:12:     layout_basic, minmay_orc_entry_temple_small, uniq_nergalle,
          uniq_nessos
D:13:     layout_cave_pools, david_vaults_3
Temple:   hellmonk_temple_micro_hex

Skill      XL: |  1  2  3  4  5  6  7  8  9 10 11 12 |
---------------+-------------------------------------+-----
Fighting       | 3 4 5 7 8 |  8.5
Ranged Weapons | 5 6 7 9 11 13 14 15 | 15.5
Armour         | 2 4 5 |  5.5
Dodging        | 3 5 |  5.7
Invocations    | 1 6 9 |  9.4
Stealth        | |  1.2

Action                     |  1- 3 |  4- 6 |  7- 9 | 10-12 || total
---------------------------+-------+-------+-------+-------++-------
  Melee: War axe           |       |       |       |     6 ||     6
   Fire: Shortbow          |    79 |    82 |       |       ||   161
         Arbalest          |       |    58 |   164 |   288 ||   510
         Longbow           |       |       |       |   174 ||   174
Ability: Shaft Self        |       |       |       |     2 ||     2
  Evoke: Wand              |       |       |     2 |    10 ||    12
    Use: Scroll            |       |     4 |     2 |     4 ||    10
         Potion            |       |       |       |     2 ||     2
 Armour: Leather armour    |    14 |     6 |       |       ||    20
         Ring mail         |       |     5 |    25 |    69 ||    99
         Chain mail        |       |       |       |    22 ||    22
  Dodge: Dodged            |    46 |    28 |    85 |   245 ||   404
  Block: Other             |       |       |       |    43 ||    43
         Reflection        |       |       |       |     2 ||     2

Table legend: (Time is in decaauts)
 A = Elapsed time spent in this place.
 B = Non-inter-level travel time spent in this place.
 C = Inter-level travel time spent in this place.
 D = Time resting spent in this place.
 E = Time spent auto-exploring this place.
 F = Levels seen in this place.
 G = Mean time per level.
                   A        B        C        D        E       F      G
               +--------+--------+--------+--------+--------+-----+--------+
         Total |  12490 |  12029 |    461 |   3109 |   6738 |  14 |  892.1 |
       Dungeon |  12479 |  12018 |    461 |   3109 |   6738 |  13 |  959.9 |
        Temple |     10 |     10 |      0 |      0 |      0 |   1 |   10.0 |
               +--------+--------+--------+--------+--------+-----+--------+

Top non-repeatable levels by time:
     D:9: 1628 daAuts
     D:5: 1388 daAuts
    D:13: 1346 daAuts
     D:7: 1201 daAuts
    D:12: 1157 daAuts
     D:8: 1146 daAuts
     D:6: 1065 daAuts
     D:3: 1052 daAuts
     D:4: 1003 daAuts
     D:2: 574 daAuts
     D:1: 539 daAuts
    D:11: 280 daAuts
    D:10: 94 daAuts
  Temple: 10 daAuts
